 Dungeon Sprint DCSS version 0.31-a0-818-ge7c7cf74f0 (webtiles) character file.

Game seed: 11566998830693982916

32 sircluck the Ruffian (level 3, -6/39 HPs)
             Began as a Troll Berserker on Sept 23, 2023.
             Was a Follower of Trog.
             Mangled by a tarantella (9 damage)
             ... in the Dungeon (Sprint VII: "The Pits").
             The game lasted 00:00:26 (106 turns).

sircluck the Ruffian (Troll Berserker)               Turns: 106, Time: 00:00:27

Health: -6/39      AC:  4    Str: 27    XL:     3   Next: 8%
Magic:  2/2        EV: 10    Int:  3    God:    Trog [*.....]
Gold:   0          SH:  0    Dex:  9    Spells: 2/2 levels left

rFire   . .          .
                       - Unarmed
rCold   . . .        (no shield)
rNeg    . . .        a - +0 animal skin
rPois   .            (helmet restricted)
rElec   .            (no cloak)
rCorr   .            (gloves unavailable)
SInv    .            (boots unavailable)
Will    .....        (no amulet)
Stlth   +            (no ring)
HPRegen 1.06/turn    (no ring)
MPRegen 0.08/turn

%: no teleportation
@: confused, on berserk cooldown, slowed, very slow
A: large, unfitting armour, claws 3, regeneration 1, shaggy fur 1, tough skin 1
a: Renounce Religion, Berserk


You were in the Dungeon.
You worshipped Trog.
Trog was aware of your devotion.
You visited 1 branch

Inventory:

Armour
 a - a +0 animal skin (worn)
Scrolls
 g - a scroll of blinking
Potions
 b - a potion of curing
 c - a potion of heal wounds
 d - a potion of haste
 e - 2 potions of magic
 f - a potion of berserk rage


   Skills:
 + Level 3.8 Fighting
 + Level 3.8 Dodging
 + Level 4.6 Unarmed Combat


You had 2 spell levels left.
You didn't know any spells.
Your spell library was empty.

Dungeon Overview and Level Annotations

Branches:
Dungeon (1/1)

Altars:


Innate Abilities, Weirdness & Mutations

You are too large for most types of armour.
You have claws for hands.
Your natural rate of healing is unusually fast.
You are covered in fur. (AC +1)
You have tough skin. (AC +1)


Message History

Your dexterity has recovered.
You start waiting.
You feel yourself speed up.
You start waiting.
You recover from your berserk rage.
There is a huge open gate leading to the Armoury (Hard) here.
There is a huge open gate here.
A tarantella comes into view.
The tarantella's many legs skitter faintly.
A red film seems to cover your vision as you go berserk!
You feel yourself moving faster!
You feel mighty!
You feel a strong urge to attack something.
You closely miss the tarantella. The tarantella touches you.
The tarantella closely misses you.
You claw the tarantella!
The tarantella is heavily wounded.
The tarantella touches you!
You are confused.
You bump into the metal wall.
You feel a strong urge to attack something.
You are no longer berserk.
You are exhausted.
You feel yourself slow down. The tarantella closely misses you.
You bump into the metal wall.
The tarantella barely misses you.
The tarantella touches you but does no damage.
You closely miss the tarantella.
The tarantella is heavily wounded.
The tarantella touches you. x2
You bump into the metal wall.
The tarantella touches you!
You are more confused.
The tarantella touches you.
You bump into the metal wall.
The tarantella touches you but does no damage.
The tarantella touches you!
You barely miss the tarantella.
The tarantella is heavily wounded.
The tarantella touches you!
* * * LOW HITPOINT WARNING * * *
The tarantella touches you!
You die...

#######++##########
..............##..#
....#..#......##..#
..............''..#
..............''..#######
....#..#......##.........
..............##@s.......
#'#####++################
.....# .....# .....#
.<...# .....# .....#
.....#


You could see a tarantella.

Vanquished Creatures
  A quasit (D)
1 creature vanquished.

Notes
Turn   | Place    | Note
-------+----------+-------------------------------------------
     0 | D        | sircluck the Troll Berserker began the quest for the Orb.
     0 | D        | Reached XP level 1. HP: 22/22 MP: 0/0
    24 | D        | Noticed a quasit
    49 | D        | Lost dexterity.
    52 | D        | Killed a quasit
    53 | D        | Reached skill level 4 in Unarmed Combat
    53 | D        | Reached XP level 2. HP: 32/32 MP: 1/1
    53 | D        | Reached XP level 3. HP: 39/39 MP: 2/2
    94 | D        | Noticed a tarantella
   106 | D        | Mangled by a tarantella

Illustrated notes

Levels and vault maps discovered:
D:        pitsprint [storerooms_1, entrance_room_1, metal_vault_5, armoury_1,
          mini_pit_1, grid_room_1, main_hall_1, silver_pit, the_coven_1,
          the_vestibule_1, steel_vault_1, golden_pit, hallway_of_sentries,
          crystal_vault_6, iron_vault_4, final_vault]

Skill      XL: |  1 |
---------------+----+-----
Fighting       | 3 |  3.8
Dodging        | 3 |  3.8
Unarmed Combat | 4 |  4.6

Action                     || total
---------------------------++-------
  Melee: Unarmed           ||    15
 Invoke: Berserk           ||     2
 Armour: Animal skin       ||    41
  Dodge: Dodged            ||    18

Table legend: (Time is in decaauts)
 A = Elapsed time spent in this place.
 B = Non-inter-level travel time spent in this place.
 C = Inter-level travel time spent in this place.
 D = Time resting spent in this place.
 E = Time spent auto-exploring this place.
 F = Levels seen in this place.
 G = Mean time per level.
                   A        B        C        D        E       F      G
               +--------+--------+--------+--------+--------+-----+--------+
         Total |    113 |    113 |      0 |     37 |      0 |   1 |  113.0 |
       Dungeon |    113 |    113 |      0 |     37 |      0 |   1 |  113.0 |
               +--------+--------+--------+--------+--------+-----+--------+

Top non-repeatable levels by time:
       D: 113 daAuts
